 Dungeon Crawl Stone Soup version 0.27-a0-1200-g94dc6ad4cf (webtiles) character file.

Game seed: 2077984496795669202

112 bilbop the Shield-Bearer (level 4, -4/41 HPs)
             Began as a Minotaur Fighter on June 2, 2021.
             Killed by divine providence
             ... invoked by an orc priest
              (12 damage)
             ... on level 3 of the Dungeon.
             The game lasted 00:04:04 (1669 turns).

bilbop the Shield-Bearer (Minotaur Fighter)         Turns: 1669, Time: 00:04:04

Health: -4/41      AC:  7    Str: 21    XL:     4   Next: 63%
Magic:  3/3        EV:  7    Int:  5    God:
Gold:   84         SH: 10    Dex: 16    Spells: 3/3 levels left

rFire    . . .     SeeInvis .   a - +0 flail
rCold    . . .     Faith    .   c - +0 kite shield
rNeg     . . .     Spirit   .   o - +0 scale mail
rPois    .         Reflect  .   (helmet restricted)
rElec    .         Harm     .   (no cloak)
rCorr    .         Rampage  .   (no gloves)
Will     .....                  (no boots)
Stlth    ..........             (no amulet)
HPRegen  0.13/turn              n - +6 ring of dexterity
MPRegen  0.08/turn              (no ring)

@: no status effects
A: horns 2, retaliatory headbutt
a: no special abilities


You were on level 3 of the Dungeon.
You visited 1 branch of the dungeon, and saw 3 of its levels.

You collected 84 gold pieces.

Inventory:

Hand Weapons
 a - a +0 flail (weapon)
 b - a +0 hunting sling
Missiles
 p - 18 sling bullets
Armour
 c - a +0 kite shield (worn)
 o - a +0 scale mail (worn)
Jewellery
 n - a +6 ring of dexterity (left hand)
Scrolls
 e - 3 scrolls of noise {unknown}
 f - 4 scrolls of identify {unknown}
 g - 3 scrolls of magic mapping {unknown}
 l - a scroll of teleportation {unknown}
 m - a scroll of vulnerability {unknown}
 q - a scroll of fear {unknown}
Potions
 d - a potion of might
 h - a potion of magic {unknown}
 i - a potion of degeneration {unknown}
 j - a potion of mutation {unknown}
 k - 3 potions of curing {unknown}


   Skills:
 + Level 4.3 Fighting
 * Level 4.2 Maces & Flails
 + Level 4.3 Armour
 + Level 4.3 Shields


You had 3 spell levels left.
You didn't know any spells.
Your spell library was empty.

Dungeon Overview and Level Annotations

Branches:
Dungeon (3/15)

Altars:
Ashenzari

Shops:
D:2 !


Innate Abilities, Weirdness & Mutations

You have a pair of horns on your head.
You reflexively headbutt those who attack you in melee.


Message History

The centaur skeleton kicks you but does no damage.
The jackal barely misses you. You furiously retaliate!
You headbutt the jackal, but do no damage.
You hit the centaur skeleton. You headbutt the centaur skeleton.
The centaur skeleton is heavily damaged.
The centaur skeleton hits you.
You block the centaur skeleton's attack.
The jackal bites you but does no damage.
You block the centaur skeleton's attack.
The centaur skeleton kicks you but does no damage.
You block the jackal's attack.
You hit the centaur skeleton. You headbutt the centaur skeleton.
The centaur skeleton is severely damaged.
The jackal bites you but does no damage.
The centaur skeleton hits you.
You block the centaur skeleton's attack.
An orc comes into view.
It is wielding a +0 short sword of flaming.
The orc priest invokes the aid of Beogh against you.
Beogh smites you!
* * * LOW HITPOINT WARNING * * *
The jackal bites you but does no damage.
The centaur skeleton closely misses you.
You block the centaur skeleton's attack.
The orc shouts!
You hear a shout! x2
You sock the centaur skeleton!
You destroy the centaur skeleton!
The jackal barely misses you. You furiously retaliate!
You headbutt the jackal.
A giant cockroach comes into view.
An orc comes into view. It is wielding a +0 club.
The jackal closely misses you.
The orc priest looks braver for a moment.
An orc wizard comes into view. It is wielding a +0 dagger.
The orc wizard shouts!
You hear a shout!
You block the jackal's attack.
The orc wizard casts a spell at itself.
The orc wizard flickers and vanishes!
Deactivating autopickup; reactivate with Ctrl-A.
The orc priest calls down the wrath of Beogh upon you.
Beogh smites you!
You die...

#................
...
#................ .
#................ #
#............... ..
#.....†......... ...
###.......#..###...#
#####..........B..
#.....h.......
#.....@.o..o..
####..†......{
####..o.... .......
##..... ..... ####


You could see an orc priest, 2 orcs, a jackal and a giant cockroach.

Vanquished Creatures
  A centaur skeleton (D:3)
  2 adders (D:2)
  A worm (D:3)
  2 dart slugs
  An orc (D:3)
  8 bats
  An endoplasm (D:2)
  4 giant cockroaches
  6 goblins
  3 hobgoblins
  6 jackals (D:3)
  A quokka (D:2)
  7 ball pythons
  3 frilled lizards
  2 kobolds (D:2)
  5 rats
53 creatures vanquished.

Notes
Turn   | Place    | Note
-------+----------+-------------------------------------------
     0 | D:1      | bilbop the Minotaur Fighter began the quest for the Orb.
     0 | D:1      | Reached XP level 1. HP: 19/19 MP: 0/0
    68 | D:1      | Found a faded altar of an unknown god.
   254 | D:1      | Reached XP level 2. HP: 27/27 MP: 1/1
   432 | D:2      | Found Likhlas's Distillery.
   692 | D:2      | Reached XP level 3. HP: 32/33 MP: 2/2
  1123 | D:2      | Found a broken altar of Ashenzari.
  1442 | D:3      | Reached XP level 4. HP: 21/40 MP: 3/3
  1669 | D:3      | Killed from afar by an orc priest

Illustrated notes

Levels and vault maps discovered:
D:1:      lightli_arrival_flooded_house, layout_rooms,
          ebering_ecumenical_altar_mist, minmay_misc_feat_tiny
D:2:      layout_loops_ring, basic_altar, serial_shops, shop
D:3:      layout_rooms

Skill      XL: |  1  2  3  4 |
---------------+-------------+-----
Maces & Flails | 3 4 |  4.2
Fighting       | 4 |  4.3
Armour         | 4 |  4.3
Shields        | 4 |  4.3

Action                   |  1- 3 |  4- 6 || total
-------------------------+-------+-------++-------
Melee: Flail             |    83 |    21 ||   104
       Headbutt          |    11 |     6 ||    17
Armor: Scale mail        |    38 |    13 ||    51
Dodge: Dodged            |    22 |    16 ||    38
Block: Kite shield       |    49 |    18 ||    67

Table legend: (Time is in decaauts)
 A = Elapsed time spent in this place.
 B = Non-inter-level travel time spent in this place.
 C = Inter-level travel time spent in this place.
 D = Time resting spent in this place.
 E = Time spent auto-exploring this place.
 F = Levels seen in this place.
 G = Mean time per level.
                   A        B        C        D        E       F      G
               +--------+--------+--------+--------+--------+-----+--------+
         Total |   1714 |   1643 |     71 |    148 |   1211 |   3 |  571.3 |
       Dungeon |   1714 |   1643 |     71 |    148 |   1211 |   3 |  571.3 |
               +--------+--------+--------+--------+--------+-----+--------+

Top non-repeatable levels by time:
     D:2: 902 daAuts
     D:1: 424 daAuts
     D:3: 387 daAuts
